[Event "11th Arad Open 2018"]
[Site "Arad"]
[Date "2018.08.11"]
[Round "8"]
[White "Velickovic, Sasa"]
[Black "Macovei, Andrei"]
[Result "1-0"]
[ECO "B18"]
[WhiteElo "2290"]
[BlackElo "2394"]
[Annotator "NA"]
[PlyCount "119"]
[EventDate "2018.08.05"]
[EventType "swiss"]
[EventCountry "ROU"]
[SourceTitle "playchess.com"]
[Source "ChessBase"]
[SourceQuality "1"]
[TimeControl "40/5400+30:1800+30"]

1. e4 c6 2. d4 d5 3. Nd2 dxe4 4. Nxe4 Bf5 5. Nc5 Nd7 6. Nxd7 Qxd7 7. Nf3 e6 8. Be2 Nf6 9. Ne5 Qd5 10. O-O Rd8 11. c3 h6 12. Re1 Be7 13. Bf4 O-O 14. Qa4 Ra8 15. Bf3 Qd8 16. Qb3 Qb6 17. Nc4 Qxb3 18. axb3 Rfd8 19. Bc7 Rdc8 20. Bg3 Bg4 21. Bxg4 Nxg4 22. h3 Nf6 23. Ra2 b5 24. Ne5 c5 25. dxc5 Bxc5 26. b4 Bb6 27. Nf3 Rd8 28. Be5 Nd5 29. Rea1 Rac8 30. Ra3 Rc4 31. Rb3 Nf4 32. Kf1 Nd3 33. Bd4 Rd5 34. Bxb6 axb6 35. Rd1 Rf4 36. Rd2 Re4 37. g3 g5 38. Ra3 Kg7 39. Ra1 g4 40. hxg4 Ne5 41. Rxd5 exd5 42. Nxe5 Rxe5 43. Rd1 Rg5 44. Rd4 Kf6 45. f3 Ke6 46. Kf2 f6 47. Rd1 h5 48. Re1+ Kd7 49. gxh5 Rxh5 50. Kg2 Rh8 51. g4 Ra8 52. Kg3 Ra2 53. Re2 Ra1 54. Kf4 Rf1 55. Re3 Rd1 56. Kf5 d4 57. cxd4 Rxd4 58. Kxf6 Rxb4 59. Rd3+ Ke8 60. b3 1-0

[Event "11th Arad Open 2018"]
[Site "Arad"]
[Date "2018.08.11"]
[Round "8"]
[White "Cerbulenco, Liviu"]
[Black "Leszko, Bence"]
[Result "1-0"]
[ECO "C07"]
[WhiteElo "2287"]
[BlackElo "2011"]
[Annotator "NA"]
[PlyCount "63"]
[EventDate "2018.08.05"]
[EventType "swiss"]
[EventCountry "ROU"]
[SourceTitle "playchess.com"]
[Source "ChessBase"]
[SourceQuality "1"]
[TimeControl "40/5400+30:1800+30"]

1. e4 e6 2. d4 d5 3. Nd2 c5 4. exd5 Qxd5 5. Ngf3 cxd4 6. Bc4 Qd7 7. O-O Nc6 8. Nb3 a6 9. Nbxd4 Nxd4 10. Qxd4 Qxd4 11. Nxd4 b5 12. Be2 Bb7 13. Bf4 Nf6 14. c3 Nd7 15. Rfe1 Be7 16. Rad1 Nc5 17. Bf1 Rd8 18. Nxb5 axb5 19. Bxb5+ Kf8 20. Rxd8+ Bxd8 21. Rd1 Be7 22. b4 Ne4 23. Rd7 Bd5 24. c4 g5 25. Be3 Nf6 26. Ra7 Be4 27. f3 Bd3 28. Bd4 Bd8 29. a4 Kg7 30. a5 Kg6 31. Rb7 g4 32. a6 1-0

[Event "11th Arad Open 2018"]
[Site "Arad"]
[Date "2018.08.11"]
[Round "8"]
[White "Pisu, Robert-Daniel"]
[Black "Visanescu, Daria-Ioana"]
[Result "1/2-1/2"]
[ECO "D00"]
[WhiteElo "2282"]
[BlackElo "2075"]
[Annotator "NA"]
[PlyCount "78"]
[EventDate "2018.08.05"]
[EventType "swiss"]
[EventCountry "ROU"]
[SourceTitle "playchess.com"]
[Source "ChessBase"]
[SourceQuality "1"]
[TimeControl "40/5400+30:1800+30"]

1. d4 d5 2. Bf4 Nf6 3. e3 Bf5 4. c4 c6 5. Nc3 dxc4 6. Bxc4 e6 7. Nge2 Bb4 8. O-O O-O 9. a3 Bxc3 10. Nxc3 Nd5 11. Bg3 Nd7 12. Qe2 N7b6 13. Bb3 Bg6 14. e4 Nxc3 15. bxc3 Qe7 16. f4 c5 17. Qf3 c4 18. Bc2 f5 19. Rfe1 fxe4 20. Bxe4 Bxe4 21. Rxe4 Rae8 22. a4 Nd5 23. Rae1 Qd7 24. Re5 g6 25. h4 Rf5 26. h5 Kf7 27. hxg6+ hxg6 28. Rxf5+ exf5 29. Rxe8 Kxe8 30. Qe2+ Qe7 31. Qxc4 Qe3+ 32. Kh2 Nf6 33. Qc8+ Kf7 34. Qxb7+ Kg8 35. Qb8+ Kh7 36. Qf8 Ng4+ 37. Kh3 Nf2+ 38. Kh2 Ng4+ 39. Kh3 Nf2+ 1/2-1/2

[Event "11th Arad Open 2018"]
[Site "Arad"]
[Date "2018.08.11"]
[Round "8"]
[White "Gilea, Lucian"]
[Black "Soltanici, Ruslan"]
[Result "1/2-1/2"]
[ECO "A46"]
[WhiteElo "2279"]
[BlackElo "2383"]
[Annotator "NA"]
[PlyCount "25"]
[EventDate "2018.08.05"]
[EventType "swiss"]
[EventCountry "ROU"]
[SourceTitle "playchess.com"]
[Source "ChessBase"]
[SourceQuality "1"]
[TimeControl "40/5400+30:1800+30"]

1. d4 Nf6 2. Nf3 e6 3. Bg5 c5 4. c3 d5 5. e3 Qb6 6. Qb3 Nc6 7. Nbd2 Bd6 8. dxc5 Bxc5 9. Rd1 Qxb3 10. Nxb3 Be7 11. Nbd4 h6 12. Bf4 Nh5 13. Bc7 1/2-1/2

[Event "11th Arad Open 2018"]
[Site "Arad"]
[Date "2018.08.11"]
[Round "8"]
[White "Cvetkovic, Srdjan"]
[Black "Bai, Adelard"]
[Result "1/2-1/2"]
[ECO "A10"]
[WhiteElo "2252"]
[BlackElo "2071"]
[Annotator "NA"]
[PlyCount "39"]
[EventDate "2018.08.05"]
[EventType "swiss"]
[EventCountry "ROU"]
[SourceTitle "playchess.com"]
[Source "ChessBase"]
[SourceQuality "1"]
[TimeControl "40/5400+30:1800+30"]

1. c4 g6 2. g3 Bg7 3. Bg2 e5 4. Nc3 d6 5. d3 f5 6. e3 Nf6 7. Nge2 O-O 8. Bd2 c6 9. b3 Be6 10. d4 e4 11. Nf4 Bf7 12. h4 h6 13. Qc2 a6 14. Rc1 Nbd7 15. Bh3 g5 16. hxg5 hxg5 17. Bxf5 gxf4 18. Nxe4 Re8 19. Nxd6 fxg3 20. fxg3 1/2-1/2

[Event "11th Arad Open 2018"]
[Site "Arad"]
[Date "2018.08.11"]
[Round "8"]
[White "Vujacic, Borivoje"]
[Black "Farkas, Gabor"]
[Result "1-0"]
[ECO "B06"]
[WhiteElo "2235"]
[BlackElo "2366"]
[Annotator "NA"]
[PlyCount "187"]
[EventDate "2018.08.05"]
[EventType "swiss"]
[EventCountry "ROU"]
[SourceTitle "playchess.com"]
[Source "ChessBase"]
[SourceQuality "1"]
[TimeControl "40/5400+30:1800+30"]

1. e4 d6 2. d4 g6 3. Nc3 Bg7 4. Be3 a6 5. a4 Nf6 6. h3 b6 7. Nf3 e6 8. Qd2 Bb7 9. Bd3 O-O 10. Bh6 c5 11. Bxg7 Kxg7 12. e5 Ne8 13. Be4 d5 14. Bd3 Nc6 15. O-O cxd4 16. Ne2 f6 17. Nexd4 Nxd4 18. Nxd4 Nc7 19. Qe3 Qe7 20. c3 Rae8 21. Rae1 a5 22. Qe2 fxe5 23. Qxe5+ Rf6 24. Re3 Ba6 25. Rfe1 Bxd3 26. Rxd3 Kg8 27. Rf3 Rxf3 28. Nxf3 Rf8 29. Nd4 Qf6 30. Qe3 Re8 31. Nc6 Na8 32. Ne5 Qe7 33. Ng4 Qg7 34. Qg5 Re7 35. Nf6+ Kf8 36. Re3 Nc7 37. Rf3 Rf7 38. Nd7+ Ke8 39. Rxf7 Qxf7 40. Nxb6 Qg7 41. Qe3 e5 42. Qc5 d4 43. Nc4 d3 44. Nd6+ Kd7 45. Ne4 Qh6 46. Qd6+ Kc8 47. Qxd3 Qc1+ 48. Kh2 Qxb2 49. Qd6 Qa2 50. Nc5 Qd5 51. Qf8+ Qd8 52. Qxd8+ Kxd8 53. Nb7+ Kd7 54. Nxa5 Nd5 55. Nc4 Nxc3 56. Nxe5+ Ke6 57. Nf3 Nxa4 58. Ng5+ Kf6 59. Nxh7+ Kg7 60. Ng5 Nc5 61. Kg3 Nd3 62. Ne6+ Kf6 63. Nf4 Nc5 64. Kf3 Nd7 65. Ke4 Nc5+ 66. Kd4 Nb3+ 67. Kc4 Nd2+ 68. Kd3 Nb3 69. Nd5+ Ke5 70. Nc3 Nc5+ 71. Ke3 Ne6 72. g3 Ng7 73. f4+ Ke6 74. g4 Ne8 75. Ne4 Nc7 76. Ng5+ Kf6 77. Ke4 Nb5 78. Nf3 Nc3+ 79. Kd4 Ne2+ 80. Ke3 Nc3 81. g5+ Kg7 82. Nd4 Nd5+ 83. Ke4 Nc3+ 84. Ke5 Nd1 85. h4 Nf2 86. f5 gxf5 87. Kxf5 Nd1 88. h5 Ne3+ 89. Ke4 Nc4 90. Nf5+ Kg8 91. g6 Nb6 92. h6 Nd7 93. Ne7+ Kf8 94. Kf5 1-0

[Event "11th Arad Open 2018"]
[Site "Arad"]
[Date "2018.08.11"]
[Round "8"]
[White "Geiger, Alex-Emanuel"]
[Black "Panush, Viktor"]
[Result "1-0"]
[ECO "B07"]
[WhiteElo "2229"]
[BlackElo "1970"]
[Annotator "NA"]
[PlyCount "63"]
[EventDate "2018.08.05"]
[EventType "swiss"]
[EventCountry "ROU"]
[SourceTitle "playchess.com"]
[Source "ChessBase"]
[SourceQuality "1"]
[TimeControl "40/5400+30:1800+30"]

1. e4 d6 2. d4 Nf6 3. Nc3 c6 4. f4 Qa5 5. e5 Ne4 6. Qf3 d5 7. Bd3 Nxc3 8. Bd2 e6 9. bxc3 Qa4 10. Ne2 g6 11. O-O b6 12. Kh1 Ba6 13. f5 gxf5 14. g4 Nd7 15. gxf5 Bxd3 16. cxd3 O-O-O 17. Qh5 Ba3 18. Nf4 Qc2 19. Rad1 Rdf8 20. Qh6 Re8 21. Qh5 Ref8 22. Qh3 exf5 23. Qxf5 Bb2 24. Nh5 h6 25. Nf6 Rd8 26. Nxd7 Rxd7 27. Qf6 Rh7 28. Qxc6+ Kd8 29. Qa8+ Kc7 30. Qxa7+ Kc8 31. Qa8+ Kc7 32. Bf4 {[%emt 0:00:56] Kc8} 1-0

[Event "11th Arad Open 2018"]
[Site "Arad"]
[Date "2018.08.11"]
[Round "8"]
[White "Martian, Dragos-Daniel"]
[Black "Peptan, Corina-Isabela"]
[Result "1/2-1/2"]
[ECO "B22"]
[WhiteElo "2223"]
[BlackElo "2380"]
[Annotator "NA"]
[PlyCount "97"]
[EventDate "2018.08.05"]
[EventType "swiss"]
[EventCountry "ROU"]
[SourceTitle "playchess.com"]
[Source "ChessBase"]
[SourceQuality "1"]
[TimeControl "40/5400+30:1800+30"]

1. e4 c5 2. c3 e6 3. d4 d5 4. Nd2 cxd4 5. cxd4 Nc6 6. Ngf3 dxe4 7. Nxe4 Be7 8. Bd3 Nf6 9. O-O O-O 10. Nc3 b6 11. a3 Bb7 12. Re1 Qd6 13. Be3 Rad8 14. Qe2 Ng4 15. Rad1 Nxe3 16. fxe3 g6 17. Bb1 Bf6 18. Ne4 Qe7 19. Nxf6+ Qxf6 20. Be4 Qe7 21. Rc1 Rc8 22. b4 Nb8 23. Bxb7 Qxb7 24. b5 Nd7 25. e4 Nf6 26. Rxc8 Rxc8 27. Ne5 Ne8 28. Nc6 a6 29. a4 axb5 30. axb5 Nd6 31. d5 Re8 32. dxe6 fxe6 33. Qd3 Nf7 34. Rd1 Qc7 35. e5 Ra8 36. Qf3 Re8 37. Ra1 Nd8 38. Ra7 Nb7 39. h3 Rf8 40. Qd1 Rf7 41. Qd4 Kg7 42. Qg4 Qc8 43. Qd4 Qf8 44. Kh2 Nc5 45. Rxf7+ Qxf7 46. Kg1 Qf5 47. Qd6 Qf4 48. Qc7+ Kh6 49. Qxb6 1/2-1/2

[Event "11th Arad Open 2018"]
[Site "Arad"]
[Date "2018.08.11"]
[Round "8"]
[White "Weinzettl, Ernst"]
[Black "Carasca, Bogdan-Petru"]
[Result "1-0"]
[ECO "B52"]
[WhiteElo "2215"]
[BlackElo "1993"]
[Annotator "NA"]
[PlyCount "91"]
[EventDate "2018.08.05"]
[EventType "swiss"]
[EventCountry "ROU"]
[SourceTitle "playchess.com"]
[Source "ChessBase"]
[SourceQuality "1"]
[TimeControl "40/5400+30:1800+30"]

1. e4 c5 2. Nf3 d6 3. Bb5+ Bd7 4. a4 Nc6 5. O-O Nf6 6. Re1 g6 7. c3 Bg7 8. d4 O-O 9. h3 a6 10. Bf1 e5 11. Na3 Qc7 12. dxc5 dxc5 13. Nc4 Rfd8 14. Qd6 Qxd6 15. Nxd6 Bc8 16. Nxc8 Raxc8 17. a5 h6 18. Nd2 Rd7 19. Nc4 Rcd8 20. f3 Nh5 21. Be3 Bf8 22. Nb6 Rc7 23. Nd5 Rcc8 24. g4 Nf4 25. Nxf4 exf4 26. Bxf4 g5 27. Be3 Ne5 28. Kf2 c4 29. Red1 Bd6 30. Bb6 Bc5+ 31. Bxc5 Rxd1 32. Rxd1 Rxc5 33. Rd5 Rb5 34. Ke3 Nc6 35. Bxc4 Rxb2 36. Rf5 Nd8 37. Rc5 Kf8 38. Rc7 Rb1 39. Bd5 Rb5 40. Kd4 Rxa5 41. Ke5 Rb5 42. c4 Rb4 43. c5 a5 44. Kf6 a4 45. Rc8 Ke8 46. c6 1-0

[Event "11th Arad Open 2018"]
[Site "Arad"]
[Date "2018.08.11"]
[Round "8"]
[White "Vachylia, Andrii"]
[Black "David, Alexandru-Vasile"]
[Result "0-1"]
[ECO "E04"]
[WhiteElo "2192"]
[BlackElo "2421"]
[Annotator "NA"]
[PlyCount "70"]
[EventDate "2018.08.05"]
[EventType "swiss"]
[EventCountry "ROU"]
[SourceTitle "playchess.com"]
[Source "ChessBase"]
[SourceQuality "1"]
[TimeControl "40/5400+30:1800+30"]

1. d4 Nf6 2. c4 e6 3. Nf3 d5 4. g3 dxc4 5. Bg2 Nbd7 6. Qa4 a6 7. Qxc4 b5 8. Qc2 Bb7 9. O-O c5 10. dxc5 Bxc5 11. Bg5 Qb6 12. Nc3 Rc8 13. Qd3 Ng4 14. Nd1 f6 15. Bf4 g5 16. Bd2 Nge5 17. Nxe5 Nxe5 18. Qb3 Nc4 19. Bb4 Bxg2 20. Kxg2 Qb7+ 21. Kg1 Bb6 22. a4 Kf7 23. axb5 axb5 24. Qd3 Rcd8 25. Qc2 h5 26. b3 h4 27. bxc4 hxg3 28. e4 Rxh2 29. c5 Kg8 30. Qb3 Qxe4 31. f3 Rh1+ 32. Kg2 Rh2+ 33. Kg1 Rh1+ 34. Kg2 Qe2+ 35. Rf2 Rh2+ 0-1

[Event "11th Arad Open 2018"]
[Site "Arad"]
[Date "2018.08.11"]
[Round "8"]
[White "Ghimpu, Samuel-Timotei"]
[Black "Roubalik, Jakub"]
[Result "0-1"]
[ECO "B40"]
[WhiteElo "2184"]
[BlackElo "2402"]
[Annotator "NA"]
[PlyCount "58"]
[EventDate "2018.08.05"]
[EventType "swiss"]
[EventCountry "ROU"]
[SourceTitle "playchess.com"]
[Source "ChessBase"]
[SourceQuality "1"]
[TimeControl "40/5400+30:1800+30"]

1. e4 c5 2. Nf3 e6 3. c4 Nc6 4. Nc3 a6 5. g3 Nge7 6. d4 cxd4 7. Nxd4 Nxd4 8. Qxd4 Nc6 9. Qd2 Ne5 10. Be2 h5 11. O-O h4 12. Kg2 Qc7 13. b3 b6 14. f4 Ng6 15. Bb2 Bb7 16. Rac1 Bb4 17. Qe3 Bc5 18. Qd2 Ne7 19. Bf3 f5 20. Qd3 O-O-O 21. a3 fxe4 22. Nxe4 Nf5 23. Rfe1 hxg3 24. hxg3 Rh6 25. Nxc5 Qxc5 26. Bxb7+ Kxb7 27. Qf3+ Qc6 28. Rh1 Rg6 29. Rh3 Rxg3+ 0-1

[Event "11th Arad Open 2018"]
[Site "Arad"]
[Date "2018.08.11"]
[Round "8"]
[White "Cosman, Andreea-Marioara"]
[Black "Dobre, Claudiu-Cristian"]
[Result "0-1"]
[ECO "A88"]
[WhiteElo "2175"]
[BlackElo "2356"]
[Annotator "NA"]
[PlyCount "142"]
[EventDate "2018.08.05"]
[EventType "swiss"]
[EventCountry "ROU"]
[SourceTitle "playchess.com"]
[Source "ChessBase"]
[SourceQuality "1"]
[TimeControl "40/5400+30:1800+30"]

1. d4 f5 2. g3 Nf6 3. Bg2 g6 4. Nf3 Bg7 5. O-O O-O 6. c4 d6 7. Nc3 c6 8. Qb3 Kh8 9. Qa3 Qc7 10. d5 a5 11. Re1 Na6 12. Be3 Ng4 13. Bd4 e5 14. dxe6 Bxe6 15. Bxg7+ Kxg7 16. Na4 Kg8 17. Qc3 h6 18. Rad1 Rad8 19. b3 Kh7 20. Rd4 Nf6 21. Qc1 Ne4 22. Nd2 Qg7 23. Rd3 b5 24. Nc3 bxc4 25. bxc4 Nb4 26. Re3 d5 27. Ncxe4 fxe4 28. a3 Na6 29. cxd5 cxd5 30. Qc6 Qf6 31. Rf1 Nb8 32. Qb5 Nd7 33. Qxa5 Ne5 34. Nxe4 dxe4 35. Rxe4 Nc4 36. Qc7+ Qf7 37. Qxf7+ Bxf7 38. Re7 Nxa3 39. Ra1 Nc2 40. Rb1 Rd6 41. e3 Kg8 42. Be4 Na3 43. Rbb7 Nc4 44. Bc2 Na5 45. Rbc7 Nc6 46. Rxf7 Rxf7 47. Bb3 Nd8 48. Bxf7+ Nxf7 49. Kg2 Rd2 50. Re7 Kg7 51. Re6 h5 52. h4 Nh6 53. Re4 Ng4 54. Rf4 Nxe3+ 55. Kg1 Ng4 56. Kf1 Ra2 57. Kg1 Ne5 58. Kf1 Nd3 59. Rf3 Ra1+ 60. Ke2 Ne5 61. Rf4 Ng4 62. Rf3 Ra6 63. Rf4 Rf6 64. Rxf6 Kxf6 65. f3 Nh6 66. Kf2 Ke5 67. Ke3 Nf5+ 68. Kf2 Kd4 69. g4 hxg4 70. fxg4 Nxh4 71. Kg3 g5 0-1

[Event "11th Arad Open 2018"]
[Site "Arad"]
[Date "2018.08.11"]
[Round "8"]
[White "Daianu, Cristian-Clement"]
[Black "Vasiesiu, Victor"]
[Result "0-1"]
[ECO "C05"]
[WhiteElo "2166"]
[BlackElo "2297"]
[Annotator "NA"]
[PlyCount "88"]
[EventDate "2018.08.05"]
[EventType "swiss"]
[EventCountry "ROU"]
[SourceTitle "playchess.com"]
[Source "ChessBase"]
[SourceQuality "1"]
[TimeControl "40/5400+30:1800+30"]

1. e4 e6 2. d4 d5 3. Nd2 Nf6 4. e5 Nfd7 5. Bd3 c5 6. c3 Nc6 7. Ngf3 g5 8. h3 h6 9. O-O h5 10. c4 Be7 11. Re1 Nf8 12. dxc5 g4 13. Nh2 Bxc5 14. Nb3 Bb6 15. c5 Bc7 16. Bf4 f6 17. Qd2 fxe5 18. Bg5 Qd7 19. Bb5 Qf7 20. hxg4 Bd7 21. f4 e4 22. Bxc6 bxc6 23. Nd4 Nh7 24. Bh6 Qf6 25. Qc3 Rg8 26. g5 Qxf4 27. Nf1 Nxg5 28. Bxg5 Qxg5 29. Qh3 Qg4 30. Qxg4 Rxg4 31. b4 a5 32. Ne3 Rg5 33. b5 Be5 34. Nec2 cxb5 35. c6 Bxc6 36. Nxc6 Bxa1 37. Nxa1 Kd7 38. Nd4 Rag8 39. Re2 b4 40. Nab3 e5 41. Nc2 d4 42. Nc5+ Kc6 43. Nxe4 d3 44. Nxg5 Rxg5 0-1

[Event "11th Arad Open 2018"]
[Site "Arad"]
[Date "2018.08.11"]
[Round "8"]
[White "Kutnik, Alexandru-Francisc"]
[Black "Patrascu, Catalin-Lucian"]
[Result "1-0"]
[ECO "D01"]
[WhiteElo "1986"]
[BlackElo "2286"]
[Annotator "NA"]
[PlyCount "65"]
[EventDate "2018.08.05"]
[EventType "swiss"]
[EventCountry "ROU"]
[SourceTitle "playchess.com"]
[Source "ChessBase"]
[SourceQuality "1"]
[TimeControl "40/5400+30:1800+30"]

1. d4 Nf6 2. Nc3 d5 3. Bg5 g6 4. Bxf6 exf6 5. e3 c6 6. Bd3 Bd6 7. h4 h5 8. Nge2 f5 9. Qd2 Nd7 10. O-O-O Nf6 11. f3 Qc7 12. Kb1 Bd7 13. Rc1 b5 14. Nd1 O-O 15. Nf2 Rfe8 16. Nh3 Re7 17. Nef4 Rae8 18. Rce1 c5 19. c3 c4 20. Bc2 b4 21. cxb4 Rb8 22. a3 a5 23. b5 Rxb5 24. Ka2 Qb8 25. Rb1 Be8 26. Rhc1 Reb7 27. Bd1 Bxa3 28. Kxa3 Rb3+ 29. Bxb3 Rxb3+ 30. Ka2 Qb5 31. Ra1 Ra3+ 32. Kb1 c3 33. Rxc3 1-0

[Event "11th Arad Open 2018"]
[Site "Arad"]
[Date "2018.08.11"]
[Round "8"]
[White "Isfan, Ioan-Marius"]
[Black "Scripcaru, George-Daniel"]
[Result "1/2-1/2"]
[ECO "D02"]
[WhiteElo "1933"]
[BlackElo "2177"]
[Annotator "NA"]
[PlyCount "71"]
[EventDate "2018.08.05"]
[EventType "swiss"]
[EventCountry "ROU"]
[SourceTitle "playchess.com"]
[Source "ChessBase"]
[SourceQuality "1"]
[TimeControl "40/5400+30:1800+30"]

1. d4 d5 2. Nf3 Nf6 3. c4 c6 4. Qc2 e6 5. Nbd2 Bd6 6. e4 dxe4 7. Nxe4 Nxe4 8. Qxe4 Nd7 9. Qc2 e5 10. Bd3 Bb4+ 11. Bd2 Bxd2+ 12. Nxd2 exd4 13. O-O Nc5 14. b4 Nxd3 15. Qxd3 O-O 16. Nb3 Bg4 17. h3 Bh5 18. Nxd4 Qd7 19. Qc3 Rad8 20. Nb3 b6 21. Rfe1 Rfe8 22. c5 f6 23. Rxe8+ Bxe8 24. Qe3 b5 25. Re1 Bf7 26. Qe7 Qxe7 27. Rxe7 Bxb3 28. axb3 Rd1+ 29. Kh2 Rd3 30. Rxa7 Rxb3 31. Rc7 Rxb4 32. Rxc6 Rc4 33. Rc7 h5 34. g3 b4 35. Rb7 Rxc5 36. Rxb4 1/2-1/2

[Event "11th Arad Open 2018"]
[Site "Arad"]
[Date "2018.08.12"]
[Round "9"]
[White "Georgiev, Kiril"]
[Black "Stany, G.A."]
[Result "1/2-1/2"]
[ECO "D03"]
[WhiteElo "2593"]
[BlackElo "2494"]
[Annotator "ChessBase"]
[PlyCount "98"]
[EventDate "2018.08.05"]
[EventType "swiss"]
[EventCountry "ROU"]
[SourceTitle "playchess.com"]
[Source "ChessBase"]
[SourceQuality "1"]
[TimeControl "40/5400+30:1800+30"]

1. d4 Nf6 2. Nf3 g6 3. c3 Bg7 4. Bg5 d5 5. Nbd2 O-O 6. e3 Nbd7 7. b4 Re8 8. Be2 e5 9. O-O c6 10. Bh4 Qe7 11. a3 Qf8 12. Bg3 Ne4 13. Nxe4 dxe4 14. Ng5 h6 15. Nxe4 f5 16. Nd2 f4 17. Bh4 exd4 18. exf4 dxc3 19. Nc4 Nb6 20. Ne5 Bf5 21. Qd4 g5 22. Bg3 gxf4 23. Bxf4 Rad8 24. Qxc3 Nd5 25. Bc4 Kh7 26. Bxd5 Rxd5 27. Rae1 Qd6 28. g4 Bg6 29. Qh3 Rdxe5 30. Rd1 Qf6 31. Bxe5 Rxe5 32. Qg3 Qe7 33. h3 Re2 34. Qf3 Re4 35. Rd2 Re1 36. Rd1 Re2 37. Rd7 Qxd7 38. Qxe2 Qd4 39. Rd1 Qc3 40. Rd7 b6 41. Rxa7 Qxh3 42. Rxg7+ Kxg7 43. Qe5+ Kf7 44. Qc7+ Kf6 45. Qd8+ Ke6 46. Qc8+ Kd6 47. Qf8+ Ke6 48. Qc8+ Kd6 49. Qf8+ Ke5 1/2-1/2

[Event "11th Arad Open 2018"]
[Site "Arad"]
[Date "2018.08.12"]
[Round "9"]
[White "Vajda, Levente"]
[Black "Balog, Imre"]
[Result "1-0"]
[ECO "A06"]
[WhiteElo "2558"]
[BlackElo "2540"]
[Annotator "ChessBase"]
[PlyCount "107"]
[EventDate "2018.08.05"]
[EventType "swiss"]
[EventCountry "ROU"]
[SourceTitle "playchess.com"]
[Source "ChessBase"]
[SourceQuality "1"]
[TimeControl "40/5400+30:1800+30"]

1. Nf3 d5 2. g3 g6 3. Bg2 Bg7 4. c4 d4 5. O-O e5 6. d3 a5 7. e3 Ne7 8. exd4 exd4 9. Bf4 O-O 10. Na3 Na6 11. Re1 Nc5 12. Nb5 Ne6 13. Rxe6 Bxe6 14. Nxc7 Ra7 15. Nxe6 fxe6 16. Qe2 Ra6 17. Ng5 e5 18. Re1 Rf5 19. Bd2 h6 20. Nf3 Nc6 21. Nh4 Rf6 22. Bd5+ Kh7 23. Be4 Qe8 24. f4 Ne7 25. fxe5 Rfe6 26. Nf3 Bxe5 27. Qf2 Nc6 28. g4 Nd8 29. h4 Bg7 30. Nxd4 Bxd4 31. Qxd4 Nf7 32. h5 Ne5 33. Kg2 Rad6 34. hxg6+ Nxg6 35. Qe3 Qf8 36. Rh1 Qg7 37. Rxh6+ Kg8 38. Bd5 Qf6 39. Qg5 Rxd5 40. Qxf6 Rxf6 41. cxd5 Rd6 42. g5 Kf7 43. Rh7+ Kg8 44. Rxb7 Rxd5 45. Kf2 Rxd3 46. Bxa5 Rd5 47. Bc3 Rxg5 48. a4 Nf4 49. a5 Rg6 50. Ke3 Ng2+ 51. Ke4 Kf8 52. Rb6 Rg4+ 53. Kf3 Rg5 54. a6 1-0

[Event "11th Arad Open 2018"]
[Site "Arad"]
[Date "2018.08.12"]
[Round "9"]
[White "Antal, Gergely"]
[Black "Baratosi, Daniel"]
[Result "0-1"]
[ECO "B00"]
[WhiteElo "2549"]
[BlackElo "2371"]
[Annotator "ChessBase"]
[PlyCount "82"]
[EventDate "2018.08.05"]
[EventType "swiss"]
[EventCountry "ROU"]
[SourceTitle "playchess.com"]
[Source "ChessBase"]
[SourceQuality "1"]
[TimeControl "40/5400+30:1800+30"]

1. e4 b6 2. d4 Bb7 3. Nc3 e6 4. a3 g6 5. h4 h6 6. Be3 Bg7 7. Qd2 d6 8. Nge2 Nd7 9. h5 g5 10. d5 exd5 11. exd5 Ne7 12. Bd4 Ne5 13. f4 gxf4 14. Nxf4 a6 15. Be2 Qd7 16. O-O-O O-O-O 17. g4 Rhg8 18. Rhg1 Kb8 19. Kb1 Bf6 20. Ne4 Bh8 21. c4 c5 22. Bc3 Qa4 23. Rde1 Bc8 24. Ka1 f5 25. Bd1 Qd7 26. gxf5 Rxg1 27. Rxg1 Qxf5 28. Ng3 Qg5 29. Ne6 Qxd2 30. Bxd2 Rg8 31. Bb3 Nf3 32. Bf4 Nxg1 33. Bxd6+ Ka7 34. Ba4 Nf3 35. Ne4 Rg1+ 36. Ka2 Nf5 37. Bf4 Rg2 38. Bc1 N3d4 39. Nd8 Ne2 40. Bd2 Neg3 41. Nc6+ Ka8 0-1

[Event "11th Arad Open 2018"]
[Site "Arad"]
[Date "2018.08.12"]
[Round "9"]
[White "Georgescu, Tiberiu-Marian"]
[Black "Velickovic, Sasa"]
[Result "1-0"]
[ECO "A61"]
[WhiteElo "2495"]
[BlackElo "2290"]
[Annotator "ChessBase"]
[PlyCount "177"]
[EventDate "2018.08.05"]
[EventType "swiss"]
[EventCountry "ROU"]
[SourceTitle "playchess.com"]
[Source "ChessBase"]
[SourceQuality "1"]
[TimeControl "40/5400+30:1800+30"]

1. d4 Nf6 2. c4 c5 3. d5 e6 4. Nc3 exd5 5. cxd5 d6 6. Nf3 g6 7. Bf4 Bg7 8. Qa4+ Bd7 9. Qb3 Qc7 10. e4 O-O 11. Nd2 Nh5 12. Be3 f5 13. exf5 gxf5 14. Be2 f4 15. Bxc5 Qxc5 16. Bxh5 Bf5 17. O-O Nd7 18. Nde4 Bxe4 19. Nxe4 Qd4 20. Rfe1 Qxb2 21. Qxb2 Bxb2 22. Rab1 Be5 23. Rxb7 Nf6 24. Nxf6+ Rxf6 25. Rc1 Rff8 26. Rcc7 Rfc8 27. Rxa7 Rxa7 28. Rxc8+ Kg7 29. Rc2 Kh6 30. Bf3 Kg5 31. g3 Ra3 32. Kg2 h6 33. Be2 h5 34. Bc4 h4 35. Bb3 hxg3 36. hxg3 fxg3 37. fxg3 Ra7 38. Rc4 Rg7 39. a4 Kf6 40. g4 Ra7 41. Rb4 Bc3 42. Rf4+ Kg7 43. Kf3 Rb7 44. Bc2 Rb2 45. Bf5 Be5 46. Rc4 Rb3+ 47. Ke2 Kf6 48. Bd7 Ra3 49. Kd2 Ke7 50. Bf5 Kf6 51. Kc2 Kg5 52. Bd7 Kf6 53. Rb4 Rc3+ 54. Kd2 Ra3 55. Ke2 Ke7 56. Bc8 Kf6 57. Rc4 Kg5 58. Bd7 Kf6 59. Rc8 Ke7 60. Bb5 Kf6 61. Rf8+ Kg5 62. Bd7 Bf6 63. Kd2 Bc3+ 64. Kc2 Bf6 65. Rb8 Rc3+ 66. Kb1 Ra3 67. Rb4 Be5 68. Bb5 Kh4 69. Be2 Ra1+ 70. Kc2 Ra2+ 71. Kd3 Kg5 72. Bd1 Bf4 73. Kc4 Rd2 74. Rb1 Be3 75. Bb3 Kxg4 76. a5 Kf4 77. a6 Rd4+ 78. Kb5 Rd3 79. Kc6 Ke5 80. Kb7 Bc5 81. a7 Bxa7 82. Kxa7 Rxb3 83. Rxb3 Kxd5 84. Rb1 Kc4 85. Rc1+ Kb4 86. Kb6 d5 87. Kc6 d4 88. Kd5 d3 89. Ke4 1-0

[Event "11th Arad Open 2018"]
[Site "Arad"]
[Date "2018.08.12"]
[Round "9"]
[White "Gavrilescu, David"]
[Black "Balla, Tamas-Kristof"]
[Result "1/2-1/2"]
[ECO "B06"]
[WhiteElo "2468"]
[BlackElo "2352"]
[Annotator "ChessBase"]
[PlyCount "102"]
[EventDate "2018.08.05"]
[EventType "swiss"]
[EventCountry "ROU"]
[SourceTitle "playchess.com"]
[Source "ChessBase"]
[SourceQuality "1"]
[TimeControl "40/5400+30:1800+30"]

1. e4 g6 2. d4 Bg7 3. Nf3 d6 4. c3 a6 5. Bd3 Nd7 6. O-O e6 7. Re1 Ne7 8. Bf4 h6 9. e5 d5 10. h4 c5 11. Nbd2 c4 12. Bc2 b5 13. b3 Qc7 14. a4 Bb7 15. axb5 axb5 16. bxc4 bxc4 17. Nf1 Nb6 18. N1h2 Kd7 19. Rxa8 Rxa8 20. Ng4 h5 21. Nf6+ Bxf6 22. exf6 Qxf4 23. Ne5+ Kc7 24. fxe7 Qf6 25. e8=N+ Rxe8 26. Qb1 Qe7 27. Qb5 Ra8 28. Rb1 Ra6 29. g3 Qf8 30. Nd7 Qe8 31. Qc5+ Kxd7 32. Rxb6 Rxb6 33. Qxb6 Qa8 34. Ba4+ Bc6 35. Bxc6+ Qxc6 36. Qb8 Ke7 37. Qa7+ Kf8 38. Qb8+ Kg7 39. Qe5+ Kh7 40. Qb8 Kg7 41. Qe5+ f6 42. Qb8 Qd7 43. Kg2 Qe7 44. Qa8 g5 45. hxg5 fxg5 46. Qb8 Qf6 47. Qc7+ Kh6 48. Qb8 g4 49. Qg8 Qf3+ 50. Kg1 Qf5 51. Qh8+ Kg6 1/2-1/2